TOP OF THE 1ST |
Oakland Athletics batting - Pitching for Seattle Mariners : LHP Joe Hincks
|
Pitching: LHP Joe Hincks
|
|
Batting: RHB Jason May
|
0-0: Foul Ball, location: 2F 0-1: Foul Ball, location: 2F 0-2: Hit by Pitch
|
Batting: RHB Dusty Thompson
|
0-0: Ball 1-0: Foul Ball, location: 2F 1-1: Called Strike Jason May steals 2nd base 1-2: Strikes out looking
|
Batting: RHB Muneo Kawachi
|
0-0: Ground out 4-3 (Groundball, 4D, EV 86.9 MPH) Jason May to third
|
Batting: RHB Randy Shrewsbury
|
0-0: Ball 1-0: Ball 2-0: Ball 3-0: Ground out 6-3 (Groundball, 6, EV 92.5 MPH)
|
Top of the 1st over - 0 runs, 0 hits, 0 errors, 1 left on base; Oakland 0 - Seattle 0 |
BOTTOM OF THE 1ST |
Seattle Mariners batting - Pitching for Oakland Athletics : RHP Jalen Cobbins
|
Pitching: RHP Jalen Cobbins
|
|
Batting: LHB Dae-ik Yoon
|
0-0: Ball 1-0: Called Strike 1-1: SINGLE (Line Drive, 9S, EV 109.4 MPH)
|
Batting: LHB Bi-jun Chien
|
0-0: Ball 1-0: Swinging Strike 1-1: Ball 2-1: Fly out, F6 (Popup, 6M, EV 69.4 MPH)
|
Batting: RHB Tony Vargas
|
0-0: Ball 1-0: Called Strike 1-1: Ball 2-1: Grounds into double play, 6-4-3 (Groundball, 6, EV 108.1 MPH)
|
Bottom of the 1st over - 0 runs, 1 hit, 0 errors, 0 left on base; Oakland 0 - Seattle 0 |
TOP OF THE 2ND |
Oakland Athletics batting - Pitching for Seattle Mariners : LHP Joe Hincks
|
Batting: RHB Ryan Kinkead
|
0-0: Ball 1-0: Ball 2-0: SOLO HOME RUN (Flyball, 78XD, EV 103.8 MPH), Distance : 394 ft
|
Batting: RHB Shigem Kubo
|
0-0: Called Strike 0-1: Called Strike 0-2: Strikes out swinging
|
Batting: RHB Philip Jansen
|
0-0: Foul Ball, location: 2F 0-1: Ball 1-1: Ball 2-1: Foul Ball, location: 2F 2-2: Foul Ball, location: 2F 2-2: Foul Ball, location: 2F 2-2: Fly out, F4 (Popup, 34, EV 63.8 MPH)
|
Batting: RHB Garry Hash
|
0-0: Swinging Strike 0-1: Called Strike 0-2: Strikes out swinging
|
Top of the 2nd over - 1 run, 1 hit, 0 errors, 0 left on base; Oakland 1 - Seattle 0 |
BOTTOM OF THE 2ND |
Seattle Mariners batting - Pitching for Oakland Athletics : RHP Jalen Cobbins
|
Batting: RHB Bobby Larson
|
0-0: Called Strike 0-1: Ground out 6-3 (Groundball, 6, EV 89.4 MPH)
|
Batting: RHB Jose Vasquez
|
0-0: Ball 1-0: Ball 2-0: Ball 3-0: Base on Balls
|
Batting: RHB Harutomi Matsubara
|
0-0: Called Strike 0-1: Grounds into double play, 6-4-3 (Groundball, 6, EV 99.4 MPH)
|
Bottom of the 2nd over - 0 runs, 0 hits, 0 errors, 0 left on base; Oakland 1 - Seattle 0 |
TOP OF THE 3RD |
Oakland Athletics batting - Pitching for Seattle Mariners : LHP Joe Hincks
|
Batting: SHB Brace Harper
|
0-0: Ground out 6-3 (Groundball, 6, EV 82.5 MPH)
|
Batting: RHB Jason May
|
0-0: Called Strike 0-1: Swinging Strike 0-2: Strikes out swinging
|
Batting: RHB Dusty Thompson
|
0-0: Ball 1-0: Ground out U3 (Groundball, 34, EV 83.8 MPH)
|
Top of the 3rd over - 0 runs, 0 hits, 0 errors, 0 left on base; Oakland 1 - Seattle 0 |
BOTTOM OF THE 3RD |
Seattle Mariners batting - Pitching for Oakland Athletics : RHP Jalen Cobbins
|
Batting: RHB Jimmy Hammertime
|
0-0: Called Strike 0-1: Ball 1-1: Ball 2-1: Called Strike 2-2: Strikes out looking
|
Batting: RHB Corey Ottinger
|
0-0: Ball 1-0: Ball 2-0: Ball 3-0: Base on Balls
|
Batting: LHB Jerrod Cluck
|
0-0: Ball 1-0: Fly out, F8 (Flyball, 78M, EV 93.8 MPH)
|
Batting: LHB Dae-ik Yoon
|
0-0: Ball 1-0: Ground out 1-3 (Groundball, 15, EV 67.5 MPH)
|
Bottom of the 3rd over - 0 runs, 0 hits, 0 errors, 1 left on base; Oakland 1 - Seattle 0 |
TOP OF THE 4TH |
Oakland Athletics batting - Pitching for Seattle Mariners : LHP Joe Hincks
|
Batting: RHB Muneo Kawachi
|
0-0: Fly out, F8 (Flyball, 89S, EV 91.9 MPH)
|
Batting: RHB Randy Shrewsbury
|
0-0: Ground out 4-3 (Groundball, 4D, EV 108.1 MPH)
|
Batting: RHB Ryan Kinkead
|
0-0: Called Strike 0-1: Ball 1-1: Swinging Strike 1-2: Ball 2-2: Strikes out swinging
|
Top of the 4th over - 0 runs, 0 hits, 0 errors, 0 left on base; Oakland 1 - Seattle 0 |
BOTTOM OF THE 4TH |
Seattle Mariners batting - Pitching for Oakland Athletics : RHP Jalen Cobbins
|
Batting: LHB Bi-jun Chien
|
0-0: SOLO HOME RUN (Flyball, 9D, EV 102.5 MPH), Distance : 390 ft
|
Batting: RHB Tony Vargas
|
0-0: Fly out, F9 (Line Drive, 9S, EV 92.5 MPH)
|
Batting: RHB Bobby Larson
|
0-0: Foul Ball, location: 2F 0-1: Ball 1-1: Called Strike 1-2: Ground out 6-3 (Groundball, 6, EV 105.6 MPH)
|
Batting: RHB Jose Vasquez
|
0-0: Called Strike 0-1: Ball 1-1: Ball 2-1: Foul Ball, location: 2F 2-2: Hit by Pitch
|
Batting: RHB Harutomi Matsubara
|
0-0: Ball 1-0: Ball Jose Vasquez steals 2nd base 2-0: Ball 3-0: Foul Ball, location: 2F 3-1: Swinging Strike 3-2: Ground out 4-3 (Groundball, 4, EV 85.0 MPH)
|
Bottom of the 4th over - 1 run, 1 hit, 0 errors, 1 left on base; Oakland 1 - Seattle 1 |
TOP OF THE 5TH |
Oakland Athletics batting - Pitching for Seattle Mariners : LHP Joe Hincks
|
Batting: RHB Shigem Kubo
|
0-0: Called Strike 0-1: Ground out 6-3 (Groundball, 6, EV 86.9 MPH)
|
Batting: RHB Philip Jansen
|
0-0: Ball 1-0: Ball 2-0: Ball 3-0: Called Strike 3-1: Base on Balls
|
Batting: RHB Garry Hash
|
0-0: Called Strike 0-1: Swinging Strike 0-2: Ball 1-2: Foul Ball, location: 2F 1-2: Ball 2-2: Strikes out swinging
|
Batting: SHB Brace Harper
|
0-0: Ball 1-0: Fielders Choice at 2nd, 6-4 (Groundball, 6, EV 80.0 MPH)
|
Top of the 5th over - 0 runs, 0 hits, 0 errors, 1 left on base; Oakland 1 - Seattle 1 |
BOTTOM OF THE 5TH |
Seattle Mariners batting - Pitching for Oakland Athletics : RHP Jalen Cobbins
|
Batting: RHB Jimmy Hammertime
|
0-0: Ball 1-0: Foul Ball, location: 2F 1-1: Ground out 6-3 (Groundball, 6MS, EV 84.4 MPH)
|
Batting: RHB Corey Ottinger
|
0-0: Ball 1-0: Ball 2-0: Called Strike 2-1: Called Strike 2-2: Foul Ball, location: 2F 2-2: Ball 3-2: Base on Balls
|
Batting: LHB Jerrod Cluck
|
0-0: Swinging Strike 0-1: Ball 1-1: Fly out, F8 (Flyball, 8LD, EV 92.5 MPH)
|
Batting: LHB Dae-ik Yoon
|
0-0: Ball 1-0: Ball 2-0: Called Strike 2-1: Ball 3-1: Base on Balls Corey Ottinger to second
|
Batting: LHB Bi-jun Chien
|
0-0: Ball 1-0: Ground out U3 (Groundball, 3L, EV 83.1 MPH)
|
Bottom of the 5th over - 0 runs, 0 hits, 0 errors, 2 left on base; Oakland 1 - Seattle 1 |
TOP OF THE 6TH |
Oakland Athletics batting - Pitching for Seattle Mariners : LHP Joe Hincks
|
Batting: RHB Jason May
|
0-0: Foul Ball, location: 2F 0-1: Ball 1-1: Called Strike 1-2: Strikes out swinging, 2-3 out at first.
|
Batting: RHB Dusty Thompson
|
0-0: Ball 1-0: Ball 2-0: Called Strike 2-1: Fly out, F8 (Flyball, 8LD, EV 81.9 MPH)
|
Batting: RHB Muneo Kawachi
|
0-0: Ball 1-0: Ball 2-0: Ground out 5-3 (Groundball, 56S, EV 73.1 MPH)
|
Top of the 6th over - 0 runs, 0 hits, 0 errors, 0 left on base; Oakland 1 - Seattle 1 |
BOTTOM OF THE 6TH |
Seattle Mariners batting - Pitching for Oakland Athletics : RHP Jalen Cobbins
|
Batting: RHB Tony Vargas
|
0-0: Ball 1-0: Called Strike 1-1: Called Strike 1-2: Foul Ball, location: 2F 1-2: Fly out, F7 (Flyball, 7, EV 96.9 MPH)
|
Batting: RHB Bobby Larson
|
0-0: DOUBLE (Flyball, 8RXD, EV 101.9 MPH)
|
Batting: RHB Jose Vasquez
|
0-0: Ball 1-0: Ball 2-0: Ball 3-0: Base on Balls
|
Batting: RHB Harutomi Matsubara
|
0-0: Ball 1-0: Fly out, F7 (Flyball, 7S, EV 88.8 MPH)
|
Batting: RHB Jimmy Hammertime
|
0-0: Ball 1-0: Foul Ball, location: 2F 1-1: Called Strike 1-2: Strikes out looking
|
Bottom of the 6th over - 0 runs, 1 hit, 0 errors, 2 left on base; Oakland 1 - Seattle 1 |
TOP OF THE 7TH |
Oakland Athletics batting - Pitching for Seattle Mariners : LHP Joe Hincks
|
Batting: RHB Randy Shrewsbury
|
0-0: Called Strike 0-1: Ball 1-1: Ground out 5-3 (Groundball, 56, EV 96.2 MPH)
|
Batting: RHB Ryan Kinkead
|
0-0: SINGLE (Groundball, 56D, EV 111.2 MPH)
|
Pitching: RHP William de Jesus
|
|
Batting: RHB Shigem Kubo
|
0-0: Ball 1-0: Foul Ball, location: 2F 1-1: Foul Ball, location: 2F 1-2: Ball 2-2: 2-RUN HOME RUN (Flyball, 78XD, EV 111.9 MPH), Distance : 431 ft
|
Batting: RHB Philip Jansen
|
0-0: Called Strike 0-1: Called Strike 0-2: Ball 1-2: Strikes out swinging
|
Batting: RHB Garry Hash
|
0-0: Called Strike 0-1: Foul Ball, location: 2F 0-2: Ball 1-2: Ball 2-2: DOUBLE (Line Drive, 9LM, EV 104.4 MPH)
|
Batting: SHB Brace Harper
|
0-0: Called Strike 0-1: Ball 1-1: SINGLE (Groundball, 34D, EV 108.8 MPH) Garry Hash to third Runner from 3rd tries for Home, throw by RF and OUT! 9-2
|
Top of the 7th over - 2 runs, 4 hits, 0 errors, 1 left on base; Oakland 3 - Seattle 1 |
BOTTOM OF THE 7TH |
Seattle Mariners batting - Pitching for Oakland Athletics : RHP Jalen Cobbins
|
Batting: RHB Corey Ottinger
|
0-0: Called Strike 0-1: Called Strike 0-2: Ball 1-2: Ball 2-2: Foul Ball, location: 2F 2-2: Foul Ball, location: 2F 2-2: Ball 3-2: Fly out, F9 (Flyball, 9LD, EV 83.8 MPH)
|
Pitching: LHP David Noffsinger
|
|
Batting: LHB Jerrod Cluck
|
0-0: Called Strike 0-1: Foul Ball, location: 2F 0-2: Ball 1-2: Ball 2-2: Strikes out looking
|
Batting: LHB Dae-ik Yoon
|
0-0: Ball 1-0: Called Strike 1-1: Foul Ball, location: 2F 1-2: Foul Ball, location: 2F 1-2: Ball 2-2: Ball 3-2: Foul Ball, location: 2F 3-2: Ground out 5-3 (Groundball, 56, EV 85.6 MPH)
|
Bottom of the 7th over - 0 runs, 0 hits, 0 errors, 0 left on base; Oakland 3 - Seattle 1 |
TOP OF THE 8TH |
Oakland Athletics batting - Pitching for Seattle Mariners : RHP William de Jesus
|
Pitching: RHP Victor Cervantes
|
|
Batting: RHB Jason May
|
0-0: Called Strike 0-1: Ball 1-1: Foul Ball, location: 2F 1-2: Ball 2-2: Ball 3-2: Foul Ball, location: 2F 3-2: Ground out 1-3 (Groundball, 25, EV 70.0 MPH)
|
Batting: RHB Dusty Thompson
|
0-0: Ball 1-0: Called Strike 1-1: Ball 2-1: Fly out, F9 (Flyball, 89M, EV 73.8 MPH)
|
Batting: RHB Muneo Kawachi
|
0-0: Called Strike 0-1: Called Strike 0-2: Strikes out swinging
|
Top of the 8th over - 0 runs, 0 hits, 0 errors, 0 left on base; Oakland 3 - Seattle 1 |
BOTTOM OF THE 8TH |
Seattle Mariners batting - Pitching for Oakland Athletics : LHP David Noffsinger
|
Batting: LHB Bi-jun Chien
|
0-0: Called Strike 0-1: Foul Ball, location: 2F 0-2: Ball 1-2: Foul Ball, location: 2F 1-2: Ball 2-2: Ball 3-2: Base on Balls
|
Batting: RHB Tony Vargas
|
0-0: Ball 1-0: Ball 2-0: Called Strike 2-1: Ball 3-1: Called Strike 3-2: Base on Balls Bi-jun Chien to second
|
Batting: RHB Bobby Larson
|
0-0: Ball 1-0: Foul Ball, location: 2F 1-1: Called Strike 1-2: Ball 2-2: Ball 3-2: Foul Ball, location: 2F 3-2: Base on Balls Bi-jun Chien to third Tony Vargas to second
|
Batting: RHB Jose Vasquez
|
0-0: Ball 1-0: Swinging Strike 1-1: Foul Ball, location: 2F 1-2: Strikes out swinging
|
Pitching: RHP Mike Pedigo
|
|
Batting: RHB Harutomi Matsubara
|
0-0: Called Strike 0-1: Ball 1-1: Fly out, F8 (Flyball, BS4, EV 98.8 MPH) Runner from 3rd tags up, SCORES, no throw by CF Tony Vargas to third
|
Batting: RHB Jimmy Hammertime
|
0-0: Ball 1-0: Ball 2-0: Called Strike 2-1: Foul Ball, location: 2F 2-2: SINGLE (Groundball, 6D, EV 103.1 MPH) Tony Vargas scores Bobby Larson to second
|
Batting: RHB Corey Ottinger
|
0-0: Ball 1-0: Fly out, F8 (Flyball, 8RXD, EV 101.9 MPH)
|
Bottom of the 8th over - 2 runs, 1 hit, 0 errors, 2 left on base; Oakland 3 - Seattle 3 |
TOP OF THE 9TH |
Oakland Athletics batting - Pitching for Seattle Mariners : RHP Victor Cervantes
|
Batting: RHB Randy Shrewsbury
|
0-0: Foul Ball, location: 2F 0-1: Fly out, F8 (Flyball, 8LXD, EV 105.0 MPH)
|
Batting: RHB Ryan Kinkead
|
0-0: Ball 1-0: Called Strike 1-1: Ball 2-1: Ground out 4-3 (Groundball, 4, EV 102.5 MPH)
|
Batting: RHB Shigem Kubo
|
0-0: Called Strike 0-1: Ground out 4-3 (Groundball, 4, EV 84.4 MPH)
|
Top of the 9th over - 0 runs, 0 hits, 0 errors, 0 left on base; Oakland 3 - Seattle 3 |
BOTTOM OF THE 9TH |
Seattle Mariners batting - Pitching for Oakland Athletics : RHP Mike Pedigo
|
Batting: LHB Jerrod Cluck
|
0-0: Fly out, F8 (Flyball, 8RM, EV 82.5 MPH)
|
Batting: LHB Dae-ik Yoon
|
0-0: Called Strike 0-1: Ball 1-1: Foul Ball, location: 2F 1-2: Ball 2-2: Ball 3-2: Ground out 6-3 (Groundball, 6, EV 103.1 MPH)
|
Batting: LHB Bi-jun Chien
|
0-0: Ball 1-0: Foul Ball, location: 2F 1-1: Called Strike 1-2: SINGLE (Groundball, 6D, EV 108.8 MPH)
|
Batting: RHB Tony Vargas
|
0-0: Called Strike 0-1: DOUBLE (Line Drive, 9LM, EV 100.0 MPH) Bi-jun Chien to third Runner from 3rd tries for Home, SAFE, throw by RF to home
|
Bottom of the 9th over - 1 run, 2 hits, 0 errors, 1 left on base; Oakland 3 - Seattle 4 |
|